 Dungeon Sprint DCSS version 0.30.1-4-g462c640d31 (webtiles) character file.

Game seed: 16341181558218589675

690 Heoruswealwe the Grappler (level 7, -13/78 HPs)
             Began as a Troll Berserker on Aug 19, 2023.
             Was a Priest of Trog.
             Mangled by an ice devil (23 damage)
             ... summoned by a kobold demonologist
             ... in the Dungeon (Sprint I: "Red Sonja").
             The game lasted 00:03:00 (235 turns).

Heoruswealwe the Grappler (Troll Berserker)          Turns: 235, Time: 00:03:00

Health: -13/78     AC: -8    Str: 28    XL:     7   Next: 36%
Magic:  6/6        EV: 11    Int:  3    God:    Trog [***...]
Gold:   459        SH:  0    Dex:  9    Spells: 6/6 levels left

rFire   . .          .
                       - Unarmed
rCold   . . .        (no shield)
rNeg    . . .        a - +0 animal skin
rPois   .            (helmet restricted)
rElec   .            (no cloak)
rCorr   .            (gloves unavailable)
SInv    .            (boots unavailable)
Will    .....        (no amulet)
Stlth   +            (no ring)
HPRegen 1.13/turn    (no ring)
MPRegen 0.10/turn

%: no teleportation
@: corroded
A: large, unfitting armour, claws 3, regeneration 1, shaggy fur 1, tough skin 1
a: Renounce Religion, Berserk, Trog's Hand


You were in the Dungeon.
You worshipped Trog.
Trog was most pleased with you.
You visited 1 branch You collected 459 gold pieces.

Inventory:

Armour
 a - a +0 animal skin (worn)
Wands
 h - a wand of digging (4)
Scrolls
 f - a scroll of identify {unknown}
 g - a scroll of blinking
Potions
 b - a potion of curing
 c - a potion of heal wounds
 d - a potion of haste
 e - a potion of might {unknown}


   Skills:
 + Level 7.2 Fighting
 + Level 7.2 Dodging
 * Level 11.8 Unarmed Combat


You had 6 spell levels left.
You didn't know any spells.
Your spell library was empty.

Dungeon Overview and Level Annotations

Branches:
Dungeon (1/1)

Altars:
Cheibriados
Dithmenos
Elyvilon
Fedhas
Gozag
Hepliaklqana
Kikubaaqudgha
Makhleb
Nemelex Xobeh
Okawaru
Qazlal
Ru
Sif Muna
Trog
Uskayaw
Vehumet
Wu Jian
Xom
Yredelemnul
Zin
The Shining One
Jiyva
Lugonu

Shops:
D [


Innate Abilities, Weirdness & Mutations

You are too large for most types of armour.
You have claws for hands.
Your natural rate of healing is unusually fast.
You are covered in fur. (AC +1)
You have tough skin. (AC +1)


Message History

The floating eye is heavily wounded.
The kobold demonologist mumbles some strange words.
You hear a shout!
You completely miss the floating eye.
The floating eye is heavily wounded.
A kobold demonologist comes into view. It is wielding a +0 dagger.
You mangle the floating eye!!
You kill the floating eye!
Trog accepts your kill.
You barely miss the kobold demonologist.
The kobold demonologist barely misses you.
The kobold demonologist gestures wildly while chanting.
You barely miss the kobold demonologist.
The kobold demonologist gestures wildly while chanting.
The kobold demonologist begins to cast a cantrip, but forgets the words!
You closely miss the kobold demonologist.
The kobold demonologist casts a cantrip, but nothing happens.
The kobold demonologist casts a spell.
You claw the kobold demonologist!
The kobold demonologist is lightly wounded.
The rust devil hits you. The rust devil corrodes you!
You claw the kobold demonologist!
The kobold demonologist is heavily wounded.
The kobold demonologist hits you with a +0 dagger.
The ice devil hits you! The ice devil freezes you! The rust devil hits you!
The rust devil corrodes you!
You scratch the kobold demonologist.
The kobold demonologist is severely wounded.
The ice devil hits you. The ice devil freezes you! The rust devil hits you!
* * * LOW HITPOINT WARNING * * *
The rust devil corrodes you!
You scratch the kobold demonologist.
The kobold demonologist is lightly wounded.
The kobold demonologist hits you with a +0 dagger.
* * * LOW HITPOINT WARNING * * *
The kobold demonologist gestures wildly while chanting.
The ice devil hits you.
* * * LOW HITPOINT WARNING * * *
The ice devil freezes you!!
You die...

######################
..)..#.)'..#__#4@K45.#
).#..'..#..'..'4K#.4.#
####'#####'#__#### 5.+
###!.#...#:#### ##
__####..##.#
_____##'#_.+
_.∩...'..._#
_..__##_.#'#
_____###+#.#


You could see an ice devil (summoned), 2 rust devils, 2 kobold demonologists, a
chaos spawn (summoned), a quasit (summoned) and a crimson imp (summoned).

Vanquished Creatures
  A slime creature (D)
  Sigmund (D)
  A yak (D)
  A floating eye (D)
  An ogre (D)
  A jelly (D)
  Ijyb (D)
7 creatures vanquished.

Notes
Turn   | Place    | Note
-------+----------+-------------------------------------------
     0 | D        | Heoruswealwe the Troll Berserker began the quest for the
                  | Orb.
     0 | D        | Reached XP level 1. HP: 22/22 MP: 0/0
     1 | D        | Noticed Ijyb
    13 | D        | Killed Ijyb
    14 | D        | Reached skill level 5 in Unarmed Combat
    14 | D        | Reached XP level 2. HP: 26/31 MP: 1/1
    38 | D        | Noticed an ogre
    44 | D        | Killed an ogre
    45 | D        | Reached skill level 7 in Unarmed Combat
    45 | D        | Reached XP level 3. HP: 40/40 MP: 2/2
    45 | D        | Reached XP level 4. HP: 49/49 MP: 3/3
    95 | D        | Noticed Sigmund
   101 | D        | Killed Sigmund
   101 | D        | Reached ** piety under Trog
   102 | D        | Reached skill level 5 in Fighting
   102 | D        | Reached skill level 5 in Dodging
   102 | D        | Reached skill level 9 in Unarmed Combat
   102 | D        | Reached XP level 5. HP: 52/59 MP: 4/4
   114 | D        | Found a burning altar of Makhleb.
   114 | D        | Found a viscous altar of Jiyva.
   114 | D        | Found a shimmering altar of Xom.
   114 | D        | Found a corrupted altar of Lugonu.
   114 | D        | Noticed a slime creature
   123 | D        | Killed a slime creature
   124 | D        | Reached skill level 10 in Unarmed Combat
   124 | D        | Reached XP level 6. HP: 40/68 MP: 5/5
   166 | D        | Found an ornate altar of the Wu Jian Council.
   166 | D        | Found a shimmering blue altar of Sif Muna.
   168 | D        | Found a radiant altar of Vehumet.
   197 | D        | Found Megaimemp's Armour Emporium.
   197 | D        | Found an ancient bone altar of Kikubaaqudgha.
   197 | D        | Found a hazy altar of Hepliaklqana.
   197 | D        | Found a stormy altar of Qazlal.
   197 | D        | Found a hide-covered altar of Uskayaw.
   197 | D        | Found a blossoming altar of Fedhas.
   197 | D        | Found a bloodstained altar of Trog.
   197 | D        | Found an iron altar of Okawaru.
   197 | D        | Found a basalt altar of Yredelemnul.
   197 | D        | Found a glowing golden altar of the Shining One.
   197 | D        | Found a snail-covered altar of Cheibriados.
   197 | D        | Found a sacrificial altar of Ru.
   197 | D        | Found a glowing silver altar of Zin.
   197 | D        | Found a shadowy altar of Dithmenos.
   197 | D        | Found a white marble altar of Elyvilon.
   197 | D        | Noticed a yak
   201 | D        | Killed a yak
   201 | D        | Reached *** piety under Trog
   202 | D        | Reached skill level 11 in Unarmed Combat
   202 | D        | Reached XP level 7. HP: 65/78 MP: 6/6
   202 | D        | Found an opulent altar of Gozag.
   203 | D        | Found a sparkling altar of Nemelex Xobeh.
   223 | D        | Noticed a kobold demonologist
   226 | D        | Noticed a chaos spawn
   226 | D        | Noticed a kobold demonologist
   230 | D        | Noticed a rust devil
   231 | D        | Noticed a rust devil
   232 | D        | Noticed an ice devil
   235 | D        | Mangled by an ice devil

Illustrated notes

Levels and vault maps discovered:
D:        dungeon_sprint_1 [red_sonja_temple_1, red_sonja_temple_small_1]

Skill      XL: |  1  2  3  4  5  6 |
---------------+-------------------+-----
Fighting       | 3 4 5 6 7 |  7.2
Dodging        | 3 4 5 6 7 |  7.2
Unarmed Combat | 5 7 9 10 11 | 11.8

Action                     |  1- 3 |  4- 6 |  7- 9 || total
---------------------------+-------+-------+-------++-------
  Melee: Unarmed           |    16 |    17 |    10 ||    43
         Punch             |       |     1 |       ||     1
  Evoke: Wand              |     1 |       |       ||     1
    Use: Potion            |     1 |       |       ||     1
 Armour: Animal skin       |     4 |     2 |       ||     6
  Dodge: Dodged            |     2 |     4 |     1 ||     7
